TOP OF THE 1ST |
Montana Pandas batting - Pitching for Hartford Whalers : LHP Ryan Draper
|
Pitching: LHP Ryan Draper
|
|
Batting: SHB Mauro López
|
0-0: Ball 1-0: Ball 2-0: Bunted foul 2-1: Ball 3-1: Fly out, F8 (Flyball, 8LD)
|
Batting: RHB Ted Cook
|
0-0: Ball 1-0: Called Strike 1-1: Foul Ball, location: 2F 1-2: Ground out 4-3 (Groundball, 4M)
|
Batting: LHB Luis Velázquez
|
0-0: Foul Ball, location: 2F 0-1: Ball 1-1: Ball 2-1: Ball 3-1: Ground out 6-3 (Groundball, 6)
|
Top of the 1st over - 0 run(s), 0 hit(s), 0 error(s), 0 left on base; Montana 0 - Hartford 0 |
BOTTOM OF THE 1ST |
Hartford Whalers batting - Pitching for Montana Pandas : RHP Wayne Hurst
|
Pitching: RHP Wayne Hurst
|
|
Batting: RHB Fernando Camacho
|
0-0: Called Strike 0-1: Ground out 6-3 (Groundball, 6)
|
Batting: SHB Virgil Eberle
|
0-0: Called Strike 0-1: Ball 1-1: Ball 2-1: Ball 3-1: Foul Ball, location: 2F 3-2: Foul Ball, location: 2F 3-2: Base on Balls
|
Batting: LHB Keith Spear
|
0-0: Ball 1-0: Swinging Strike 1-1: Ball 2-1: Swinging Strike 2-2: SINGLE (Line Drive, 4M) Virgil Eberle to second
|
Batting: SHB Al Anderson
|
0-0: Called Strike 0-1: Ball 1-1: Ball Wild Pitch! Virgil Eberle to third Keith Spear to second 2-1: Ball 3-1: Swinging Strike 3-2: Ground out U3 (Groundball, 3S)
|
Batting: LHB Ray Merrill
|
0-0: Ground out 4-3 (Groundball, 4)
|
Bottom of the 1st over - 0 run(s), 1 hit(s), 0 error(s), 2 left on base; Montana 0 - Hartford 0 |
TOP OF THE 2ND |
Montana Pandas batting - Pitching for Hartford Whalers : LHP Ryan Draper
|
Batting: RHB Brent Ryan
|
0-0: Ball 1-0: Foul Ball, location: 2F 1-1: Ball 2-1: Fly out, F7 (Line Drive, 7LS)
|
Batting: RHB Pancho Salaedo
|
0-0: Ball 1-0: Called Strike 1-1: Called Strike 1-2: Ball 2-2: Foul Ball, location: 2F 2-2: Ball 3-2: Foul Ball, location: 2F 3-2: DOUBLE (Flyball, 9LM)
|
Batting: RHB Luis Muńóz
|
0-0: Swinging Strike 0-1: Called Strike 0-2: Strikes out looking
|
Batting: RHB Dani Trejo
|
0-0: Called Strike 0-1: Ball 1-1: Swinging Strike 1-2: Ball Wild Pitch! Pancho Salaedo to third 2-2: Ground out 5-3 (Groundball, 56S)
|
Top of the 2nd over - 0 run(s), 1 hit(s), 0 error(s), 1 left on base; Montana 0 - Hartford 0 |
BOTTOM OF THE 2ND |
Hartford Whalers batting - Pitching for Montana Pandas : RHP Wayne Hurst
|
Batting: RHB Joe Craig
|
0-0: Ball 1-0: Ball 2-0: DOUBLE (Groundball, 5L)
|
Batting: RHB Tommy Stanley
|
0-0: Ball 1-0: Foul Ball, location: 2F 1-1: Ball 2-1: Ball 3-1: Called Strike 3-2: SINGLE (Groundball, 6MD) Joe Craig to third Runner from 3rd tries for Home, SAFE, no throw or cutoff
|
Batting: RHB Juan Tapia
|
0-0: Called Strike 0-1: Reached on error, E4 (Groundball, 4) Tommy Stanley to second
|
Batting: RHB Henry Jones
|
0-0: Ball 1-0: Foul Ball, location: 2F 1-1: Foul Ball, location: 2F 1-2: Strikes out swinging
|
Batting: RHB Fernando Camacho
|
0-0: Ball 1-0: Ball 2-0: Grounds into double play, 6-4-3 (Groundball, 6M)
|
Bottom of the 2nd over - 1 run(s), 2 hit(s), 1 error(s), 1 left on base; Montana 0 - Hartford 1 |
TOP OF THE 3RD |
Montana Pandas batting - Pitching for Hartford Whalers : LHP Ryan Draper
|
Batting: LHB Mike Pace
|
0-0: Called Strike 0-1: Ball 1-1: Foul Ball, location: 2F 1-2: Ground out U3 (Groundball, 3S)
|
Batting: RHB Jonathan Widdop
|
0-0: Called Strike 0-1: Ball 1-1: Reached on error, E5 (Groundball, 56)
|
Batting: SHB Mauro López
|
0-0: Called Strike 0-1: Ball 1-1: Swinging Strike 1-2: Fly out, F8 (Flyball, 8RM)
|
Batting: RHB Ted Cook
|
0-0: Ground out 5-3 (Groundball, 5)
|
Top of the 3rd over - 0 run(s), 0 hit(s), 1 error(s), 1 left on base; Montana 0 - Hartford 1 |
BOTTOM OF THE 3RD |
Hartford Whalers batting - Pitching for Montana Pandas : RHP Wayne Hurst
|
Batting: SHB Virgil Eberle
|
0-0: Foul Ball, location: 2F 0-1: Swinging Strike 0-2: Ground out 4-3 (Groundball, 4M)
|
Batting: LHB Keith Spear
|
0-0: Foul Ball, location: 2F 0-1: Foul Ball, location: 2F 0-2: Ball 1-2: Strikes out swinging
|
Batting: SHB Al Anderson
|
0-0: Called Strike 0-1: Foul Ball, location: 2F 0-2: Ball 1-2: Ball 2-2: Foul Ball, location: 2F 2-2: Strikes out swinging
|
Bottom of the 3rd over - 0 run(s), 0 hit(s), 0 error(s), 0 left on base; Montana 0 - Hartford 1 |
TOP OF THE 4TH |
Montana Pandas batting - Pitching for Hartford Whalers : LHP Ryan Draper
|
Batting: LHB Luis Velázquez
|
0-0: Ground out 6-3 (Groundball, 6)
|
Batting: RHB Brent Ryan
|
0-0: Ground out 6-3 (Groundball, 6M)
|
Batting: RHB Pancho Salaedo
|
0-0: Called Strike 0-1: Ground out 4-3 (Groundball, 4)
|
Top of the 4th over - 0 run(s), 0 hit(s), 0 error(s), 0 left on base; Montana 0 - Hartford 1 |
BOTTOM OF THE 4TH |
Hartford Whalers batting - Pitching for Montana Pandas : RHP Wayne Hurst
|
Batting: LHB Ray Merrill
|
0-0: Ball 1-0: Fly out, F9 (Flyball, 89M)
|
Batting: RHB Joe Craig
|
0-0: Ground out 1-3 (Groundball, 15S)
|
Batting: RHB Tommy Stanley
|
0-0: Foul Ball, location: 2F 0-1: Ground out 6-3 (Groundball, 6)
|
Bottom of the 4th over - 0 run(s), 0 hit(s), 0 error(s), 0 left on base; Montana 0 - Hartford 1 |
TOP OF THE 5TH |
Montana Pandas batting - Pitching for Hartford Whalers : LHP Ryan Draper
|
Batting: RHB Luis Muńóz
|
0-0: Ball 1-0: Ball 2-0: Ball 3-0: Called Strike 3-1: Ground out 1-3 (Groundball, 15)
|
Batting: RHB Dani Trejo
|
0-0: Ground out 6-3 (Groundball, 6)
|
Batting: LHB Mike Pace
|
0-0: Swinging Strike 0-1: Ball 1-1: Called Strike 1-2: SINGLE (Groundball, 4MD) (infield hit)
|
Batting: RHB Jonathan Widdop
|
0-0: Called Strike 0-1: Ball 1-1: Ball 2-1: Foul Ball, location: 2F 2-2: Ball 3-2: Foul Ball, location: 2F 3-2: Ground out U3 (Groundball, 3L)
|
Top of the 5th over - 0 run(s), 1 hit(s), 0 error(s), 1 left on base; Montana 0 - Hartford 1 |
BOTTOM OF THE 5TH |
Hartford Whalers batting - Pitching for Montana Pandas : RHP Wayne Hurst
|
Batting: RHB Juan Tapia
|
0-0: Called Strike 0-1: Ball 1-1: Ball 2-1: Foul Ball, location: 2F 2-2: Fly out, F4 (Popup, 4)
|
Batting: RHB Henry Jones
|
0-0: Called Strike 0-1: SINGLE (Line Drive, 6)
|
Batting: RHB Fernando Camacho
|
0-0: SINGLE (Line Drive, 8LS) Henry Jones to second
|
Batting: SHB Virgil Eberle
|
0-0: Called Strike 0-1: Ball 1-1: Foul Ball, location: 2F 1-2: Ball 2-2: Ball 3-2: Strikes out swinging
|
Batting: LHB Keith Spear
|
0-0: Swinging Strike 0-1: Swinging Strike 0-2: Ball Wild Pitch! Henry Jones to third Fernando Camacho to second 1-2: Strikes out looking
|
Bottom of the 5th over - 0 run(s), 2 hit(s), 0 error(s), 2 left on base; Montana 0 - Hartford 1 |
TOP OF THE 6TH |
Montana Pandas batting - Pitching for Hartford Whalers : LHP Ryan Draper
|
Batting: SHB Mauro López
|
0-0: Called Strike 0-1: Ball 1-1: Foul Ball, location: 2F 1-2: Ball 2-2: Fly out, F4 (Line Drive, 4M)
|
Batting: RHB Ted Cook
|
0-0: Ball 1-0: Called Strike 1-1: Ball 2-1: SOLO HOME RUN (Flyball, 78XD), Distance : 427 ft
|
Batting: LHB Luis Velázquez
|
0-0: SINGLE (Line Drive, 8LS)
|
Batting: RHB Brent Ryan
|
Balk! Luis Velázquez to second 0-0: Intentional Walk
|
Batting: RHB Pancho Salaedo
|
0-0: Ball 1-0: SINGLE (Groundball, 6MD) Luis Velázquez to third Brent Ryan to second Runner from 3rd tries for Home, SAFE, throw made home
|
Batting: RHB Luis Muńóz
|
0-0: Ball Brent Ryan is caught stealing 3rd base Pancho Salaedo to second 1-0: Ball 2-0: Swinging Strike 2-1: Ball 3-1: Ground out 6-3 (Groundball, 6MS)
|
Top of the 6th over - 2 run(s), 3 hit(s), 0 error(s), 1 left on base; Montana 2 - Hartford 1 |
BOTTOM OF THE 6TH |
Hartford Whalers batting - Pitching for Montana Pandas : RHP Wayne Hurst
|
Pitching: RHP Shi-lin Li
|
|
Batting: SHB Al Anderson
|
0-0: Called Strike 0-1: Foul Ball, location: 2F 0-2: Ball 1-2: Ground out 4-3 (Groundball, 4)
|
Batting: LHB Ray Merrill
|
0-0: Ball 1-0: Called Strike 1-1: Foul Ball, location: 2F 1-2: Ball 2-2: Foul Ball, location: 2F 2-2: Ball 3-2: Foul Ball, location: 2F 3-2: Ground out 4-3 (Groundball, 4)
|
Batting: RHB Joe Craig
|
0-0: Called Strike 0-1: Ball 1-1: Ground out 6-3 (Groundball, 56)
|
Bottom of the 6th over - 0 run(s), 0 hit(s), 0 error(s), 0 left on base; Montana 2 - Hartford 1 |
TOP OF THE 7TH |
Montana Pandas batting - Pitching for Hartford Whalers : LHP Ryan Draper
|
Batting: RHB Dani Trejo
|
0-0: Ball 1-0: Called Strike 1-1: Fly out, F7 (Flyball, 78M)
|
Batting: LHB Mike Pace
|
0-0: Ball 1-0: Swinging Strike 1-1: SINGLE (Groundball, 4M)
|
Batting: RHB Jonathan Widdop
|
0-0: Ball 1-0: Ball 2-0: Called Strike 2-1: Called Strike 2-2: Fielders Choice at 2nd, 1-6 (Groundball, 13)
|
Batting: SHB Mauro López
|
0-0: Called Strike 0-1: Swinging Strike 0-2: Fly out, F9 (Flyball, 9LM)
|
Top of the 7th over - 0 run(s), 1 hit(s), 0 error(s), 1 left on base; Montana 2 - Hartford 1 |
BOTTOM OF THE 7TH |
Hartford Whalers batting - Pitching for Montana Pandas : RHP Shi-lin Li
|
Batting: RHB Tommy Stanley
|
0-0: Ball 1-0: Ball 2-0: Called Strike 2-1: Foul Ball, location: 2F 2-2: Foul Ball, location: 2F 2-2: Foul Ball, location: 2F 2-2: Ground out 6-3 (Groundball, 6)
|
Pitching: LHP Motoyuki Nakamura
|
|
Batting: RHB Juan Tapia
|
0-0: Ball 1-0: Foul Ball, location: 2F 1-1: Foul Ball, location: 2F 1-2: Ground out 5-3 (Groundball, 56)
|
Batting: RHB Henry Jones
|
0-0: Ball 1-0: Foul Ball, location: 2F 1-1: Ball 2-1: SINGLE (Groundball, 6MD)
|
Pinch Hitting: RHB Román Centena
|
0-0: Called Strike 0-1: Ball 1-1: Called Strike 1-2: Foul Ball, location: 2F 1-2: SINGLE (Line Drive, 56) Henry Jones to second
|
Batting: SHB Virgil Eberle
|
0-0: Called Strike 0-1: Ball 1-1: Ball 2-1: Foul Ball, location: 2F 2-2: Strikes out swinging
|
Bottom of the 7th over - 0 run(s), 2 hit(s), 0 error(s), 2 left on base; Montana 2 - Hartford 1 |
TOP OF THE 8TH |
Montana Pandas batting - Pitching for Hartford Whalers : LHP Ryan Draper
|
Now at 3B: Dave Farr
|
|
Batting: RHB Ted Cook
|
0-0: Fly out, F6 (Line Drive, 6)
|
Batting: LHB Luis Velázquez
|
0-0: Ball 1-0: Ball 2-0: Called Strike 2-1: Ball 3-1: Called Strike 3-2: Foul Ball, location: 2F 3-2: Base on Balls
|
Batting: RHB Brent Ryan
|
0-0: Called Strike 0-1: Ball 1-1: Ball 2-1: Grounds into double play, 5-4-3 (Groundball, 5L)
|
Top of the 8th over - 0 run(s), 0 hit(s), 0 error(s), 0 left on base; Montana 2 - Hartford 1 |
BOTTOM OF THE 8TH |
Hartford Whalers batting - Pitching for Montana Pandas : LHP Motoyuki Nakamura
|
Batting: LHB Keith Spear
|
0-0: Foul Ball, location: 2F 0-1: Ball 1-1: Ball 2-1: Called Strike 2-2: Ball 3-2: Strikes out looking
|
Pitching: RHP Taro Ohayashi
|
|
Batting: SHB Al Anderson
|
0-0: Ball 1-0: Ball 2-0: Called Strike 2-1: Foul Ball, location: 2F 2-2: Fly out, F8 (Flyball, 8RD)
|
Pitching: LHP Tomás Galván
|
|
Batting: LHB Ray Merrill
|
0-0: Ball 1-0: Ball 2-0: Foul Ball, location: 2F 2-1: Ball 3-1: Ground out 4-3 (Groundball, 4)
|
Bottom of the 8th over - 0 run(s), 0 hit(s), 0 error(s), 0 left on base; Montana 2 - Hartford 1 |
TOP OF THE 9TH |
Montana Pandas batting - Pitching for Hartford Whalers : LHP Ryan Draper
|
Batting: RHB Pancho Salaedo
|
0-0: Swinging Strike 0-1: Ground out 5-3 (Groundball, 56S)
|
Batting: RHB Luis Muńóz
|
0-0: Swinging Strike 0-1: Ball 1-1: Fly out, F5 (Line Drive, 5S)
|
Batting: RHB Dani Trejo
|
0-0: Ball 1-0: Called Strike 1-1: Foul Ball, location: 2F 1-2: Fly out, F7 (Flyball, 7M)
|
Top of the 9th over - 0 run(s), 0 hit(s), 0 error(s), 0 left on base; Montana 2 - Hartford 1 |
BOTTOM OF THE 9TH |
Hartford Whalers batting - Pitching for Montana Pandas : LHP Tomás Galván
|
Pitching: LHP Rubén Rodríguez
|
|
Batting: RHB Joe Craig
|
0-0: Called Strike 0-1: Called Strike 0-2: Ball 1-2: Ball 2-2: Strikes out swinging
|
Batting: RHB Tommy Stanley
|
0-0: Ball 1-0: Called Strike 1-1: Foul Ball, location: 2F 1-2: SINGLE (Line Drive, 34D)
|
Batting: RHB Juan Tapia
|
0-0: Ball 1-0: Foul Ball, location: 2F 1-1: Ball 2-1: DOUBLE (Line Drive, 7LS) Tommy Stanley to third
|
Batting: RHB Henry Jones
|
0-0: Ball 1-0: Foul Ball, location: 2F 1-1: Foul Ball, location: 2F 1-2: TRIPLE (Flyball, 9M) Tommy Stanley scores Juan Tapia scores
|
|